 Dungeon Crawl Stone Soup version 0.32-a0-711-g016ad743e0 (webtiles) character file.

Game seed: 15505270720304372399

48 MagicSucks the Chopper (level 3, -4/34 HPs)
             Began as a Naga Chaos Knight on Mar 15, 2024.
             Was a Plaything of Xom.
             Slain by a gnoll
             ... wielding a +0 flail
              (8 damage)
             ... on level 2 of the Dungeon.
             The game lasted 00:01:42 (843 turns).

MagicSucks the Chopper (Naga Chaos Knight)           Turns: 843, Time: 00:01:43

Health: -4/34      AC:  4    Str: 16    XL:     3   Next: 72%
Magic:  3/3        EV:  8    Int: 12    God:    Xom [..*...]
Gold:   64         SH:  0    Dex: 10    Spells: 2/2 levels left

rFire   . . .        a - +0 hand axe (chaos)
rCold   . . .        (no shield)
rNeg    . . .        b - +2 leather armour
rPois   +            (no helmet)
rElec   .            (no cloak)
rCorr   .            (no gloves)
SInv    +            (no barding)
Will    .....        (no amulet)
Stlth   +            (no ring)
HPRegen 0.25/turn    (no ring)
MPRegen 0.08/turn

%: no passive effects
@: very slow
A: AC +1, large, see invisible, deformed body, poison resistance, slowness 2,
spit poison 1, naga tail 1
a: Spit Poison, Renounce Religion


You were on level 2 of the Dungeon.
You worshipped Xom.
You were a toy of Xom.
You visited 1 branch of the dungeon, and saw 2 of its levels.

You collected 64 gold pieces.

Inventory:

Hand Weapons
 a - a +0 hand axe of chaos (weapon)
Armour
 b - a +2 leather armour (worn)
 d - a +0 ring mail
Scrolls
 c - a scroll of butterflies
 e - a scroll of amnesia
 f - a scroll of blinking
Potions
 g - a potion of curing
 i - a potion of heal wounds {unknown}


   Skills:
 + Level 3.4 Fighting
 * Level 3.8 Axes
 + Level 2.1 Armour
 - Level 0.7 Dodging


You had 2 spell levels left.
You didn't know any spells.
Your spell library was empty.

Dungeon Overview and Level Annotations

Branches:
Dungeon (2/15)

Altars:


Innate Abilities, Weirdness & Mutations

Your serpentine skin is tough. (AC +1)
You have supernaturally acute eyesight. (SInv)
Armour fits poorly on your strangely shaped body.
Your system is resistant to poisons. (rPois)
You cover ground very slowly.
You can spit poison.
You have a snake-like lower body.


Message History

The gnoll is moderately wounded.
The gnoll hits you with a +0 flail.
You hit the gnoll but do no damage.
The gnoll is moderately wounded.
The gnoll hits you with a +0 flail!
You barely miss the gnoll.
The gnoll is heavily wounded.
You have got your breath back.
The gnoll hits you with a +0 flail!
A shower of butterflies erupts from you!
You are too injured to fight recklessly!
You closely miss the gnoll.
The gnoll is heavily wounded.
Something misses your butterfly. The gnoll hits you with a +0 flail.
* * * LOW HITPOINT WARNING * * *
Something misses your butterfly.
Unknown command.
You barely miss the gnoll.
The gnoll is heavily wounded.
The gnoll completely misses you.
Something closely misses your butterfly.
Unknown command.
You hit the gnoll. You burn the gnoll.
The gnoll is severely wounded.
The gnoll hits you with a +0 flail.
* * * LOW HITPOINT WARNING * * *
Something closely misses your butterfly.
Unknown command.
You swap places.
The gnoll completely misses your butterfly.
The gnoll misses you.
The gnoll hits your butterfly with a +0 flail!
Your butterfly dies!
Your butterfly disappears in a puff of smoke!
You swap places.
A gnoll comes into view.
It is wielding a +0 spear and quivering 2 throwing nets.
The gnoll attacks as it pursues you! The gnoll hits you but does no damage.
The gnoll hits you with a +0 flail!
You die...
Xom snickers!

.. ..♣. #. .P.. .ß
♣..g ♣P ♣..♣ ♣♣# ♣.
.♣ ♣|.♣ ♣.# ♣.♣♣.
♣.g♣ ♣♣ ♣♣..
♣..bg♣♣♣♣§♣ ♣ ♣.
♣♣...
♣bb§♣g♣~♣..♣♣P♣♣....
##♣@g♣♣§§♣..........
#.## ###..........
#b.# ###.....# ##.#
##...## #.# ##'##
#.# #.# #.# #.# #.#
#######.### #.#
##........##


You could see 3 gnolls.

Vanquished Creatures
  A gnoll (D:2)
  A dart slug (D:1)
  2 ball pythons (D:1)
  3 bats (D:1)
  3 endoplasms (D:1)
  4 goblins (D:1)
  2 hobgoblins
  6 jackals
  2 kobolds (D:1)
  3 quokkas
  A frilled lizard (D:1)
  A rat (D:1)
29 creatures vanquished.

Notes
Turn   | Place    | Note
-------+----------+-------------------------------------------
     0 | D:1      | MagicSucks the Naga Chaos Knight began the quest for the
                  | Orb.
     0 | D:1      | Reached XP level 1. HP: 21/21 MP: 1/1
    44 | D:1      | HP: 1/21 [quokka (1)]
   130 | D:1      | Reached XP level 2. HP: 25/28 MP: 2/2
   170 | D:1      | XOM: divination: detect items
   292 | D:1      | XOM: divination: magic mapping
   354 | D:1      | Found a faded altar of an unknown god.
   364 | D:1      | Reached XP level 3. HP: 30/34 MP: 3/3
   838 | D:2      | XOM: butterfly on damage
   843 | D:2      | Slain by a gnoll

Illustrated notes

Levels and vault maps discovered:
D:1:      dpeg_arrival_shrine, layout_rooms, shapermc_ecumenical_altar_venn
D:2:      wad_woods_stonehenge, layout_loops_corners, serial_glass,
          glass_columns_b, glass_columns_a, glass_columns_b, glass_columns_a,
          glass_columns_b, glass_columns_a, glass_columns_a, glass_columns_c,
          glass_columns_a, glass_columns_a, glass_columns_c, glass_columns_c,
          glass_columns_c, glass_columns_b

Skill      XL: |  1  2  3 |
---------------+----------+-----
Armour         | 2 |  2.1
Fighting       | |  3.4
Axes           | |  3.8
Dodging        | |  0.7

Action                     || total
---------------------------++-------
  Melee: Hand axe          ||    85
Ability: Spit Poison       ||    15
    Use: Scroll            ||     4
   Stab: Petrified         ||     3
 Armour: Leather armour    ||    89
  Dodge: Dodged            ||    39

Table legend: (Time is in decaauts)
 A = Elapsed time spent in this place.
 B = Non-inter-level travel time spent in this place.
 C = Inter-level travel time spent in this place.
 D = Time resting spent in this place.
 E = Time spent auto-exploring this place.
 F = Levels seen in this place.
 G = Mean time per level.
                   A        B        C        D        E       F      G
               +--------+--------+--------+--------+--------+-----+--------+
         Total |   1059 |   1035 |     24 |     67 |    720 |   2 |  529.5 |
       Dungeon |   1059 |   1035 |     24 |     67 |    720 |   2 |  529.5 |
               +--------+--------+--------+--------+--------+-----+--------+

Top non-repeatable levels by time:
     D:1: 852 daAuts
     D:2: 206 daAuts
